 Dungeon Crawl Stone Soup version 0.25-a0-404-gc1b5a34292 (webtiles) character file.

Game seed: 2251064225179855026, levelgen mode: deterministic

172 Eurus the Ruffian (level 5, -1/42 HPs)
             Began as a Draconian Transmuter on Jan 11, 2020.
             Slain by an ogre
             ... wielding a cursed -2 giant club
              (15 damage)
             ... on level 4 of the Dungeon.
             The game lasted 00:13:46 (4076 turns).

Eurus the Ruffian (Draconian Transmuter)            Turns: 4076, Time: 00:13:47

Health: -1/42      AC:  5    Str: 13    XL:     5   Next: 27%
Magic:  9/9        EV: 12    Int: 13    God:
Gold:   101        SH:  0    Dex: 12    Spells: 7/10 levels left

rFire    . . .     SeeInvis .     - Unarmed
rCold    . . .     Gourm    .   (no shield)
rNeg     . . .     Faith    .   (armour unavailable)
rPois    .         Spirit   .   (helmet restricted)
rElec    .         Reflect  .   (no cloak)
rCorr    .         Harm     .   (no gloves)
MR       .....                  (no boots)
Stlth    +.........             (no amulet)
HPRegen  0.14/turn              (no ring)
MPRegen  0.11/turn              (no ring)

@: lightly drained, very slow
A: unfitting armour, cold-blooded, AC +5
a: no special abilities


You were on level 4 of the Dungeon.
You were hungry.

You visited 1 branch of the dungeon, and saw 4 of its levels.

You collected 101 gold pieces.

Inventory:

Missiles
 a - 50 arrows
 i - 121 stones (quivered)
Armour
 v - a +1 pair of gloves
Jewellery
 p - a cursed ring of teleportation {unknown}
Wands
 o - a wand of iceblast (9)
Scrolls
 b - a scroll of random uselessness {unknown}
 d - 5 scrolls of identify {unknown}
 e - a scroll of amnesia {unknown}
 g - a scroll of noise {unknown}
 m - 3 scrolls of remove curse {unknown}
 n - 2 scrolls of fog {unknown}
 s - 2 scrolls of teleportation {unknown}
 t - a scroll of blinking {unknown}
 u - a scroll of enchant weapon {unknown}
Potions
 f - a potion of curing
 h - 3 potions of haste {unknown}
 j - a potion of cancellation {unknown}
 k - a potion of ambrosia {unknown}
 l - a potion of lignification {unknown}
 q - 2 potions of flight {unknown}
 r - a potion of brilliance {unknown}
Comestibles
 c - 5 rations


   Skills:
 + Level 2.5(2.0) Fighting
 + Level 2.6(2.1) Dodging
 + Level 3.6(3.1) Unarmed Combat
 * Level 3.1(2.6) Spellcasting
 + Level 2.9(2.4) Transmutations


You had 7 spell levels left.
You knew the following spells:

 Your Spells              Type           Power        Failure   Level  Hunger
a - Beastly Appendage     Tmut           #.....       9%          1    #......
b - Sticks to Snakes      Tmut           #.......     13%         2    ###....

Your spell library contained the following spells:

 Spells                   Type           Power        Failure   Level  Hunger
 Spider Form              Tmut/Pois      #.........   41%         3    ###....
 Ice Form                 Ice/Tmut       #.......     82%         4    #####..
 Blade Hands              Tmut           #.........   94%         5    ######.


Dungeon Overview and Level Annotations

Branches:
Dungeon (4/15)
 Temple: D:4-7

Altars:
Ashenzari
Okawaru
Qazlal
Ru
Uskayaw
Wu Jian

Annotations:
D:2 exclusion: ice beast
D:4 Edmund


Innate Abilities, Weirdness & Mutations

Your plain brown scales are hard. (AC +5)
You cannot fit into any form of body armour.
You are cold-blooded and may be slowed by cold attacks.


Message History

There is a stone staircase leading up here.
Found 2 silvery potions.
q - 2 silvery potions You now have 99 gold pieces (gained 5).
You now have 101 gold pieces (gained 2).
An ogre comes into view. It is wielding a -2 giant club.
The ogre shouts!
The ogre hits you with a cursed -2 giant club!
You see here 7 boomerangs.
There is a stone staircase leading up here.
You are feeling hungry.
There is a stone staircase leading up here.
You enter the shallow water.
Moving in this stuff is going to be slow.
The ogre hits you with a cursed -2 giant club!!
Ouch! That really hurt!
* * * LOW HITPOINT WARNING * * *
It was a potion of curing.
You feel better.
The ogre hits you with a cursed -2 giant club!
You die...

......# ##...##.....# ......#
##.)#.####.### >.....##########
##..##.........
##.#.....##....####<.#####.#.####
#.#..##.##..)..##..## #....
#.##...........##<.#########.#
#@#####....8..8###.≈≈≈≈≈≈≈ ..
#.#.......#8..8#≈≈≈≈≈≈≈≈≈≈ ≈..
#.#$.......≈..≈@O≈≈≈≈≈≈≈≈≈ ≈≈≈
#.######.≈≈≈..≈≈≈≈≈≈≈≈≈≈≈≈ ≈≈≈≈
#.####≈≈≈≈≈≈..≈≈≈@≈≈≈...≈≈
##.≈≈≈≈≈≈≈≈≈≈..≈≈≈≈####..##
≈≈≈≈≈≈≈≈≈≈≈≈≈..≈...# ..#
≈≈≈≈≈≈≈≈≈≈≈≈8..8##.(. ..
≈≈≈≈≈≈≈≈≈###8.(8####.. ≈≈≈≈≈#####
...... ## ######


You could see Edmund and an ogre.

Vanquished Creatures
  6 adders
  An ooze (D:2)
  3 worms
  A dart slug (D:1)
  4 leopard geckos
  4 orcs
  7 bats
  2 giant cockroaches
  17 goblins
  13 hobgoblins
  6 jackals (D:2)
  4 kobolds
  7 frilled lizards
  A quokka zombie (D:3)
  8 rats
84 creatures vanquished.

Vanquished Creatures (collateral kills)
  Robin (D:2)
  A goblin (D:2)
2 creatures vanquished.

Vanquished Creatures (others)
  2 orcs (D:4)
2 creatures vanquished.

Grand Total: 88 creatures vanquished

Notes
Turn   | Place    | Note
-------+----------+-------------------------------------------
     0 | D:1      | Eurus the Draconian Transmuter began the quest for the Orb.
     0 | D:1      | Reached XP level 1. HP: 16/16 MP: 3/3
   329 | D:1      | Reached XP level 2. HP: 17/23 MP: 5/5
  1091 | D:2      | Noticed Robin
  1109 | D:2      | Reached XP level 3. HP: 29/29 MP: 6/6
  1245 | D:1      | Learned a level 2 spell: Sticks to Snakes
  1392 | D:2      | Found a hide-covered altar of Uskayaw.
  1392 | D:2      | Found a sacrificial altar of Ru.
  1724 | D:2      | Found an iron altar of Okawaru.
  1770 | D:2      | Reached XP level 4. HP: 36/36 MP: 7/7
  2311 | D:2      | Killed Robin
  2698 | D:3      | Found an ornate altar of the Wu Jian Council.
  3022 | D:3      | Reached XP level 5. HP: 41/42 MP: 7/9
  3066 | D:3      | Noticed an ice beast
  3545 | D:3      | Found a shattered altar of Ashenzari.
  3598 | D:4      | Found a stormy altar of Qazlal.
  3684 | D:4      | Noticed Edmund
  4057 | D:4      | Noticed an ogre
  4076 | D:4      | Slain by an ogre

Levels and vault maps discovered:
D:1:      dpeg_arrival_another_circle, layout_basic
D:2:      layout_basic, gammafunk_temple_overflow_wave, okawaru_trees_2,
          uniq_robin
D:3:      layout_rooms, old_standard_altar, lemuel_coloured_pillars_altar
D:4:      wander_river, layout_rooms, grunt_temple_overflow_holy_war,
          old_standard_altar, minitemple, uniq_sigmund, uniq_edmund

Skill      XL: |  1  2  3  4 |
---------------+-------------+-----
Dodging        | 2 |  2.6
Fighting       | 2 |  2.5
Spellcasting   | 3 |  3.1
Unarmed Combat | |  3.6
Transmutations | |  2.9

Action                   |  1- 3 |  4- 6 || total
-------------------------+-------+-------++-------
Melee: Unarmed           |   120 |   180 ||   300
       Tailslap          |    18 |    15 ||    33
       Kick              |     3 |     4 ||     7
       Headbutt          |     2 |     6 ||     8
Throw: Stone             |     5 |     4 ||     9
 Cast: Beastly Appendage |     4 |    10 ||    14
       Sticks to Snakes  |       |     1 ||     1
  Use: Potion            |       |     1 ||     1
 Stab: Distracted        |       |     1 ||     1
  Eat: Chunk             |     2 |     8 ||    10
Armor: Skin              |    31 |    75 ||   106
Dodge: Dodged            |    75 |   142 ||   217

Table legend:
 A = Non-vault XP
 B = Vault XP
 C = Vault XP percentage of total XP
 D = Non-vault monster count
 E = Vault monster count
 F = Vault count percentage of total count
                 A         B        C        D         E       F
            +---------+---------+-------+---------+---------+-------
      Total |     214 |      32 |  13.0 |      73 |      13 |  15.1
            +---------+---------+-------+---------+---------+-------
        D:1 |      43 |       1 |   2.3 |      17 |       1 |   5.6
        D:2 |      77 |      31 |  28.7 |      25 |      12 |  32.4
        D:3 |      93 |       0 |   0.0 |      30 |       0 |   0.0
        D:4 |       1 |       0 |   0.0 |       1 |       0 |   0.0
            +---------+---------+-------+---------+---------+-------
